PL
HOLLYWOOD SHREDDERS @ MISSISSIPPI MOCKINGBIRDS
08/30/2041
 
TOP OF THE 1ST
Hollywood Shredders batting - Pitching for Mississippi Mockingbirds : RHP Mei Zhào
Pitching: RHP Mei Zhào
Batting: LHB Gilberto Ocasio 0-0: Ground out 4-3 (Groundball, 4, EV 105.0 MPH)
Batting: LHB Kanko Umaba 0-0: Ball
1-0: Ball
2-0: Called Strike
2-1: Ball
3-1: Base on Balls
Batting: RHB Richard Trevithick 0-0: Ball
1-0: Swinging Strike
1-1: Swinging Strike
1-2: Grounds into double play, 4-6-3 (Groundball, 4M, EV 88.1 MPH)
Top of the 1st over - 0 runs, 0 hits, 0 errors, 0 left on base; Hollywood 0 - Mississippi 0
BOTTOM OF THE 1ST
Mississippi Mockingbirds batting - Pitching for Hollywood Shredders : RHP Lloyd Natoff
Pitching: RHP Lloyd Natoff
Batting: LHB Warren King 0-0: Called Strike
0-1: Swinging Strike
0-2: SINGLE (Flyball, 78S, EV 94.4 MPH)
Batting: RHB Quinn Albracht 0-0: Ball
1-0: Grounds into double play, 4-6-3 (Groundball, 4, EV 83.8 MPH)
Batting: LHB Tural Bishara 0-0: Ball
1-0: Ball
2-0: Foul Ball, location: 2F
2-1: Foul Ball, location: 2F
2-2: Foul Ball, location: 2F
2-2: SOLO HOME RUN (Flyball, 89XD, EV 99.4 MPH), Distance : 379 ft
Batting: RHB Richard Jost 0-0: Called Strike
0-1: Ball
1-1: Ball
2-1: SINGLE (Line Drive, 89M, EV 103.1 MPH)
Batting: LHB Dean Jackson 0-0: Ball
1-0: Ball
2-0: 2-RUN HOME RUN (Flyball, 7LD, EV 87.5 MPH), Distance : 334 ft
Batting: SHB Akihiko Fujii 0-0: Foul Ball, location: 2F
0-1: Ball
1-1: Called Strike
1-2: Ball
2-2: Foul Ball, location: 2F
2-2: Strikes out looking
Bottom of the 1st over - 3 runs, 4 hits, 0 errors, 0 left on base; Hollywood 0 - Mississippi 3
TOP OF THE 2ND
Hollywood Shredders batting - Pitching for Mississippi Mockingbirds : RHP Mei Zhào
Batting: LHB Dewitt Hopper 0-0: Ball
1-0: Foul Ball, location: 2F
1-1: SINGLE (Groundball, 6MD, EV 101.9 MPH)
Batting: LHB Johan Kroening 0-0: Ball
1-0: Ball
2-0: Called Strike
2-1: Fielders Choice at 2nd, 4-6 (Groundball, 4, EV 80.0 MPH)
Batting: LHB Tim Stinson 0-0: Ball
1-0: Foul Ball, location: 2F
1-1: SINGLE (Groundball, 4MD, EV 107.5 MPH)
Johan Kroening to second
Batting: RHB Sayed Walid 0-0: Called Strike
0-1: Ball
1-1: SINGLE (Groundball, 56S, EV 65.0 MPH) (infield hit)
Johan Kroening to third
Tim Stinson to second
Batting: RHB Takeshi Kovacs 0-0: Foul Ball, location: 2F
0-1: Ball
1-1: Foul Ball, location: 2F
1-2: Strikes out swinging
Batting: RHB Brandon Graybill 0-0: Ball
1-0: Ball
2-0: Called Strike
2-1: Ball
3-1: Foul Ball, location: 2F
3-2: Strikes out swinging
Top of the 2nd over - 0 runs, 3 hits, 0 errors, 3 left on base; Hollywood 0 - Mississippi 3
BOTTOM OF THE 2ND
Mississippi Mockingbirds batting - Pitching for Hollywood Shredders : RHP Lloyd Natoff
Batting: LHB Wu-shun Chu 0-0: Called Strike
0-1: Ball
1-1: Swinging Strike
1-2: Foul Ball, location: 2F
1-2: Ball
2-2: Ground out 6-3 (Groundball, 6, EV 86.9 MPH)
Batting: LHB Riley Rowbery 0-0: Called Strike
0-1: Ball
1-1: Ball
2-1: Ball
3-1: Base on Balls
Batting: LHB Henry Madore 0-0: Ball
1-0: Ball
2-0: Ball
3-0: Called Strike
3-1: Grounds into double play, 6-4-3 (Groundball, 6, EV 87.5 MPH)
Bottom of the 2nd over - 0 runs, 0 hits, 0 errors, 0 left on base; Hollywood 0 - Mississippi 3
TOP OF THE 3RD
Hollywood Shredders batting - Pitching for Mississippi Mockingbirds : RHP Mei Zhào
Batting: LHB Gilberto Ocasio 0-0: Called Strike
0-1: SINGLE (Groundball, 34D, EV 95.0 MPH)
Batting: LHB Kanko Umaba 0-0: Ball
1-0: Called Strike
1-1: Fly out, F7 (Flyball, 7S, EV 85.6 MPH)
Batting: RHB Richard Trevithick 0-0: Ball
1-0: Called Strike
1-1: Called Strike
1-2: SINGLE (Line Drive, 8LS, EV 92.5 MPH)
Gilberto Ocasio to second
Runner from 2nd tries for 3rd, OUT! 8-5
Batting: LHB Dewitt Hopper 0-0: Ball
1-0: SINGLE (Line Drive, 89M, EV 109.4 MPH)
Richard Trevithick to second
Batting: LHB Johan Kroening 0-0: Ball
1-0: Ball
2-0: Ball
3-0: Base on Balls
Richard Trevithick to third
Dewitt Hopper to second
Batting: LHB Tim Stinson 0-0: Called Strike
0-1: Foul Ball, location: 2F
0-2: Ball
Wild Pitch!
Richard Trevithick scores
Dewitt Hopper to third
Johan Kroening to second
1-2: Ball
2-2: DOUBLE (Groundball, 5L, EV 104.4 MPH)
Dewitt Hopper scores
Johan Kroening scores
Batting: RHB Sayed Walid 0-0: Swinging Strike
0-1: Ball
1-1: Ball
2-1: Ball
3-1: Swinging Strike
3-2: Strikes out looking
Top of the 3rd over - 3 runs, 4 hits, 0 errors, 1 left on base; Hollywood 3 - Mississippi 3
BOTTOM OF THE 3RD
Mississippi Mockingbirds batting - Pitching for Hollywood Shredders : RHP Lloyd Natoff
Batting: LHB Warren King 0-0: Ball
1-0: Ball
2-0: Called Strike
2-1: Ball
3-1: Called Strike
3-2: SINGLE (Line Drive, 56D, EV 98.1 MPH)
Batting: RHB Quinn Albracht 0-0: Ball
1-0: SINGLE (Groundball, 4MD, EV 105.0 MPH)
Warren King to second
Runner from 2nd tries for 3rd, SAFE, no throw by CF
Batting: LHB Tural Bishara 0-0: Called Strike
0-1: Ball
1-1: 3-RUN HOME RUN (Flyball, 89XD, EV 89.4 MPH), Distance : 375 ft
Batting: RHB Richard Jost 0-0: Ball
1-0: Ball
2-0: Foul Ball, location: 2F
2-1: Fly out, F7 (Flyball, 7, EV 88.8 MPH)
Batting: LHB Dean Jackson 0-0: Called Strike
0-1: Ball
1-1: Swinging Strike
1-2: Fly out, F8 (Flyball, 8RD, EV 102.5 MPH)
Batting: SHB Akihiko Fujii 0-0: Called Strike
0-1: Ball
1-1: Ball
2-1: Swinging Strike
2-2: Foul Ball, location: 2F
2-2: Ball
3-2: Fly out, F4 (Line Drive, 4, EV 65.6 MPH)
Bottom of the 3rd over - 3 runs, 3 hits, 0 errors, 0 left on base; Hollywood 3 - Mississippi 6
TOP OF THE 4TH
Hollywood Shredders batting - Pitching for Mississippi Mockingbirds : RHP Mei Zhào
Batting: RHB Takeshi Kovacs 0-0: Called Strike
0-1: Swinging Strike
0-2: Ball
1-2: Ball
2-2: SINGLE (Groundball, 6MD, EV 103.1 MPH)
Batting: RHB Brandon Graybill 0-0: Ball
1-0: Called Strike
1-1: Ball
2-1: Swinging Strike
2-2: Ball
3-2: Strikes out swinging
Batting: LHB Gilberto Ocasio 0-0: Ball
1-0: Ball
2-0: Ball
3-0: Called Strike
3-1: Base on Balls
Takeshi Kovacs to second
Batting: LHB Kanko Umaba 0-0: Ball
1-0: Foul Ball, location: 2F
1-1: Called Strike
1-2: Ball
2-2: Strikes out swinging
Batting: RHB Richard Trevithick 0-0: Ball
1-0: Ball
2-0: Foul Ball, location: 2F
2-1: Fly out, F9 (Flyball, 9LS, EV 92.5 MPH)
Top of the 4th over - 0 runs, 1 hit, 0 errors, 2 left on base; Hollywood 3 - Mississippi 6
BOTTOM OF THE 4TH
Mississippi Mockingbirds batting - Pitching for Hollywood Shredders : RHP Lloyd Natoff
Pitching: RHP José Villarreal
Batting: LHB Wu-shun Chu 0-0: Called Strike
0-1: Ball
1-1: Called Strike
1-2: Strikes out swinging
Batting: LHB Riley Rowbery 0-0: Called Strike
0-1: Called Strike
0-2: Ball
1-2: Ground out 1-3 (Groundball, 34S, EV 83.8 MPH)
Batting: LHB Henry Madore 0-0: Ball
1-0: Called Strike
1-1: Called Strike
1-2: Strikes out swinging
Bottom of the 4th over - 0 runs, 0 hits, 0 errors, 0 left on base; Hollywood 3 - Mississippi 6
TOP OF THE 5TH
Hollywood Shredders batting - Pitching for Mississippi Mockingbirds : RHP Mei Zhào
Batting: LHB Dewitt Hopper 0-0: Fly out, F7 (Flyball, 7, EV 88.1 MPH)
Batting: LHB Johan Kroening 0-0: Ball
1-0: Called Strike
1-1: Called Strike
1-2: Strikes out swinging
Batting: LHB Tim Stinson 0-0: Ball
1-0: Ground out 1-3 (Groundball, 15, EV 88.8 MPH)
Top of the 5th over - 0 runs, 0 hits, 0 errors, 0 left on base; Hollywood 3 - Mississippi 6
BOTTOM OF THE 5TH
Mississippi Mockingbirds batting - Pitching for Hollywood Shredders : RHP José Villarreal
Batting: LHB Warren King 0-0: Ball
1-0: Ball
2-0: Ball
3-0: Called Strike
3-1: Foul Ball, location: 2F
3-2: Ground out 1-3 (Groundball, P, EV 68.1 MPH)
Batting: RHB Quinn Albracht 0-0: Hit by Pitch
Batting: LHB Tural Bishara 0-0: Called Strike
0-1: Called Strike
Quinn Albracht steals 2nd base
0-2: Ball
1-2: Ball
2-2: Ball
3-2: Foul Ball, location: 2F
3-2: Base on Balls
Pitching: RHP Eric Mason
Batting: RHB Richard Jost 0-0: Ball
1-0: Foul Ball, location: 2F
1-1: Ball
2-1: Ball
3-1: Called Strike
3-2: Base on Balls
Quinn Albracht to third
Tural Bishara to second
Batting: LHB Dean Jackson 0-0: Ball
1-0: Foul Ball, location: 2F
1-1: Fly out, F9 (Flyball, 89M, EV 91.9 MPH)
Batting: SHB Akihiko Fujii 0-0: Ball
1-0: SINGLE (Groundball, 4D, EV 104.4 MPH)
Quinn Albracht scores
Tural Bishara to third
Richard Jost to second
Runner from 3rd tries for Home, SAFE, throw by RF to home
Batting: LHB Wu-shun Chu 0-0: Called Strike
0-1: Foul Ball, location: 2F
0-2: Ball
1-2: Ball
2-2: Foul Ball, location: 2F
2-2: SINGLE (Groundball, 4S, EV 62.5 MPH) (infield hit)
Richard Jost to third
Akihiko Fujii to second
Batting: LHB Riley Rowbery 0-0: Called Strike
0-1: Called Strike
0-2: Fly out, F7 (Flyball, 7LS, EV 94.4 MPH)
Bottom of the 5th over - 2 runs, 2 hits, 0 errors, 3 left on base; Hollywood 3 - Mississippi 8
TOP OF THE 6TH
Hollywood Shredders batting - Pitching for Mississippi Mockingbirds : RHP Mei Zhào
Batting: RHB Sayed Walid 0-0: Foul Ball, location: 2F
0-1: Ball
1-1: Foul Ball, location: 2F
1-2: Foul Ball, location: 2F
1-2: Strikes out looking
Batting: RHB Takeshi Kovacs 0-0: Ball
1-0: Ball
2-0: Fly out, F8 (Flyball, 78XD, EV 90.0 MPH)
Batting: RHB Brandon Graybill 0-0: Called Strike
0-1: Ball
1-1: Ball
2-1: Ground out 6-3 (Groundball, 6, EV 83.1 MPH)
Top of the 6th over - 0 runs, 0 hits, 0 errors, 0 left on base; Hollywood 3 - Mississippi 8
BOTTOM OF THE 6TH
Mississippi Mockingbirds batting - Pitching for Hollywood Shredders : RHP Eric Mason
Batting: LHB Henry Madore 0-0: Foul Ball, location: 2F
0-1: Fly out, F8 (Line Drive, 8RM, EV 99.4 MPH)
Batting: LHB Warren King 0-0: Ball
1-0: Called Strike
1-1: Ball
2-1: Foul Ball, location: 2F
2-2: SOLO HOME RUN (Flyball, 7LD, EV 108.8 MPH), Distance : 343 ft
Batting: RHB Quinn Albracht 0-0: Swinging Strike
0-1: Ground out 1-3 (Groundball, P, EV 79.4 MPH)
Batting: LHB Tural Bishara 0-0: Ball
1-0: Swinging Strike
1-1: Ball
2-1: Swinging Strike
2-2: Ball
3-2: Base on Balls
Batting: RHB Richard Jost 0-0: 2-RUN HOME RUN (Flyball, 9D, EV 102.5 MPH), Distance : 337 ft
Batting: LHB Dean Jackson 0-0: Swinging Strike
0-1: Ball
1-1: Called Strike
1-2: Strikes out swinging
Bottom of the 6th over - 3 runs, 2 hits, 0 errors, 0 left on base; Hollywood 3 - Mississippi 11
TOP OF THE 7TH
Hollywood Shredders batting - Pitching for Mississippi Mockingbirds : RHP Mei Zhào
Pitching: RHP Roberto Cabrera
Batting: LHB Gilberto Ocasio 0-0: Ball
1-0: Ball
2-0: Foul Ball, location: 2F
2-1: Ball
3-1: Swinging Strike
3-2: Foul Ball, location: 2F
3-2: Fly out, F7 (Flyball, 7LDF, EV 105.6 MPH)
Batting: LHB Kanko Umaba 0-0: Foul Ball, location: 2F
0-1: Foul Ball, location: 2F
0-2: Foul Ball, location: 2F
0-2: Ball
1-2: Ball
2-2: Ball
3-2: Foul Ball, location: 2F
3-2: Fly out, F7 (Flyball, 7, EV 86.9 MPH)
Batting: RHB Richard Trevithick 0-0: Foul Ball, location: 2F
0-1: Ball
1-1: Foul Ball, location: 2F
1-2: Strikes out swinging
Top of the 7th over - 0 runs, 0 hits, 0 errors, 0 left on base; Hollywood 3 - Mississippi 11
BOTTOM OF THE 7TH
Mississippi Mockingbirds batting - Pitching for Hollywood Shredders : RHP Eric Mason
Batting: SHB Akihiko Fujii 0-0: Foul Ball, location: 2F
0-1: Called Strike
0-2: Strikes out swinging
Batting: LHB Wu-shun Chu 0-0: Called Strike
0-1: Fly out, F7 (Flyball, 78S, EV 72.5 MPH)
Pinch Hitting: SHB Jorge Indiano 0-0: Ground out U3 (Groundball, 34S, EV 82.5 MPH)
Bottom of the 7th over - 0 runs, 0 hits, 0 errors, 0 left on base; Hollywood 3 - Mississippi 11
TOP OF THE 8TH
Hollywood Shredders batting - Pitching for Mississippi Mockingbirds : RHP Roberto Cabrera
Now in RF: Jorge Indiano
Pinch Hitting: RHB Joshua Cadaval 0-0: Called Strike
0-1: Ball
1-1: Ground out 6-3 (Groundball, 6, EV 100.6 MPH)
Batting: LHB Johan Kroening 0-0: Ball
1-0: Called Strike
1-1: Called Strike
1-2: Strikes out swinging
Batting: LHB Tim Stinson 0-0: Ball
1-0: Called Strike
1-1: Called Strike
1-2: Foul Ball, location: 2F
1-2: Foul Ball, location: 2F
1-2: Strikes out swinging
Top of the 8th over - 0 runs, 0 hits, 0 errors, 0 left on base; Hollywood 3 - Mississippi 11
BOTTOM OF THE 8TH
Mississippi Mockingbirds batting - Pitching for Hollywood Shredders : RHP Eric Mason
Now at 1B: Temaki Yuka
Batting: LHB Henry Madore 0-0: Called Strike
0-1: Ball
1-1: Ball
2-1: Fly out, F8 (Flyball, 8RD, EV 85.6 MPH)
Pitching: RHP Blaine Stottlar
Batting: LHB Warren King 0-0: Ball
1-0: Swinging Strike
1-1: Ball
2-1: Foul Ball, location: 2F
2-2: Foul Ball, location: 2F
2-2: Foul Ball, location: 2F
2-2: Ball
3-2: Strikes out looking
Batting: RHB Quinn Albracht 0-0: Ball
1-0: Called Strike
1-1: SINGLE (Groundball, 5, EV 104.4 MPH) (infield hit)
Batting: LHB Tural Bishara 0-0: Ball
1-0: Called Strike
Pickoff Throw to First - Out! 1-3
Bottom of the 8th over - 0 runs, 1 hit, 0 errors, 0 left on base; Hollywood 3 - Mississippi 11
TOP OF THE 9TH
Hollywood Shredders batting - Pitching for Mississippi Mockingbirds : RHP Roberto Cabrera
Batting: RHB Sayed Walid 0-0: Called Strike
0-1: Ball
1-1: Foul Ball, location: 2F
1-2: Ball
2-2: Ball
3-2: Strikes out looking
Batting: RHB Takeshi Kovacs 0-0: Ball
1-0: Called Strike
1-1: Called Strike
1-2: Ball
2-2: Ball
3-2: Ground out 6-3 (Groundball, 6, EV 103.1 MPH)
Batting: RHB Brandon Graybill 0-0: Ground out 5-3 (Groundball, 56S, EV 83.8 MPH)
Top of the 9th over - 0 runs, 0 hits, 0 errors, 0 left on base; Hollywood 3 - Mississippi 11
Tuesday, January 5th, 2021 - OOTP Baseball 20.8 Build 74